 Dungeon Crawl Stone Soup version 0.29-a0-810-g3812dd5c9c (webtiles) character file.

Game seed: 10274477832668421058

5512 Bnni the Carver (level 10, -10/83 HPs)
             Began as a Demonspawn Fighter on July 4, 2022.
             Was a Follower of Dithmenos.
             Mangled by an orc warlord
             ... wielding a +1 great mace of protection
              (39 damage)
             ... in a bailey.
             The game lasted 00:20:32 (10305 turns).

Bnni the Carver (Demonspawn Fighter)               Turns: 10305, Time: 00:20:33

Health: -10/83     AC: 12    Str: 16    XL:     10   Next: 43%
Magic:  10/10      EV:  8    Int: 17    God:    Dithmenos [*.....]
Gold:   281        SH:  5    Dex: 16    Spells: 9/9 levels left

rFire   . . .      SeeInvis .   I - +1 dagger (venom)
rCold   . . .      Faith    .   c - +0 buckler
rNeg    . . .      Spirit   .   b - +0 scale mail
rPois   .          Reflect  .   (helmet restricted)
rElec   .          Harm     .   g - +0 cloak
rCorr   .          Rampage  +   u - +0 pair of gloves
Will    .....                   j - +2 pair of boots {rampage}
Stlth   ..........              H - amulet of magic regeneration
HPRegen 0.23/turn               f - +6 ring of intelligence
MPRegen 0.52/turn               (no ring)

@: hasted, wreathed by umbra, very quick
A: hooves 1, horns 2, demonic magic 2, weakness stinger 2
a: Renounce Religion


You were in a bailey.
You worshipped Dithmenos.
Dithmenos was aware of your devotion.
You visited 2 branches of the dungeon, and saw 9 of its levels.
You also visited: Sewer and Bailey.

You collected 385 gold pieces.
You spent 104 gold pieces at shops.

Inventory:

Hand Weapons
 d - a +0 scimitar of protection
 m - a +1 long sword of electrocution
 E - a +4 dagger of freezing
 G - a +2 short sword of flaming
 I - a +1 dagger of venom (weapon)
Armour
 b - a +0 scale mail (worn)
 c - a +0 buckler (worn)
 g - a +0 cloak (worn)
 j - a +2 pair of boots of rampaging (worn)
 u - a +0 pair of gloves (worn)
Jewellery
 f - a +6 ring of intelligence (left hand)
 s - a ring of fire
 H - an amulet of magic regeneration (around neck)
 K - the ring of the Hippo {Fire Fly Str-3 Stlth+}
   (You found it on level 8 of the Dungeon)

   [ring of fire]

   It enhances your fire magic.
   Str:       It affects your strength (-3).
   rF:        It protects you from fire.
   rC:        It makes you vulnerable to cold.
   Fly:       It grants you flight.
   Stlth:     It makes you more stealthy.
Wands
 t - a wand of digging (7)
 A - a wand of quicksilver (2)
 B - a wand of polymorph (14)
Scrolls
 e - 2 scrolls of enchant weapon {unknown}
 h - a scroll of brand weapon {unknown}
 l - 3 scrolls of amnesia {unknown}
 n - a scroll of noise {unknown}
 o - 4 scrolls of teleportation {unknown}
 r - 2 scrolls of blinking
 v - a scroll of magic mapping {unknown}
 w - 3 scrolls of fog {unknown}
 x - a scroll of silence {unknown}
 y - 3 scrolls of poison {unknown}
 C - 2 scrolls of enchant armour {unknown}
 D - 2 scrolls of immolation
 F - 2 scrolls of vulnerability {unknown}
 J - a scroll of torment {unknown}
Potions
 a - a potion of flight
 i - 2 potions of lignification
 p - 6 potions of mutation
 q - 3 potions of attraction
 z - 3 potions of haste


   Skills:
 + Level 9.4 Fighting
 * Level 11.6 Long Blades
 - Level 2.6 Armour
 - Level 4.0 Shields


You had 9 spell levels left.
You didn't know any spells.
Your spell library contained the following spells:

 Spells                   Type           Power      Damage    Failure   Level
 Portal Projectile        Hex/Tloc       0%         N/A       97%         3
 Tukima's Dance           Hex            0%         N/A       97%         3
 Blade Hands              Tmut           0%         N/A       100%        5
 Freezing Cloud           Conj/Ice/Air   0%         6-21      100%        5
 Simulacrum               Ice/Necr       0%         N/A       100%        6
 Polar Vortex             Ice            0%         N/A       100%        9


Dungeon Overview and Level Annotations

Branches:
Dungeon (8/15)             Temple (1/1) D:7           Sewer (visited)
 Bailey (1/1)
   Lair: D:8-11

Altars:
Ashenzari
Cheibriados
Dithmenos
Fedhas
Gozag
Hepliaklqana
Kikubaaqudgha
Makhleb
Nemelex Xobeh
Qazlal
Ru
Trog
Uskayaw
Vehumet
Xom
Yredelemnul

Shops:
D:2 !   D:6 :


Innate Abilities, Weirdness & Mutations

You have large cloven feet.
You have a pair of horns on your head.
Spells you cast may paralyse nearby enemies.
You have a tail ending in a sharp stinger.


Message History

The orc warlord is moderately wounded.
You barely miss the orc warlord.
You headbutt the orc warlord, but do no damage.
The orc warlord is moderately wounded.
You block the orc warlord's attack.
You hit the orc warlord but do no damage.
You headbutt the orc warlord, but do no damage.
You tail-slap the orc warlord, but do no damage.
The orc warlord is heavily wounded.
You hit the orc warlord but do no damage.
The orc warlord looks as sick as possible!
You tail-slap the orc warlord.
The orc warlord is heavily wounded.
You hit the orc warlord but do no damage.
The orc warlord looks as sick as possible!
You headbutt the orc warlord, but do no damage.
You tail-slap the orc warlord, but do no damage.
The orc warlord is heavily wounded.
The orc knight no longer looks unusually strong.
You barely miss the orc warlord.
The orc warlord is heavily wounded.
You hit the orc warlord but do no damage.
You headbutt the orc warlord, but do no damage.
The orc warlord is heavily wounded.
The orc knight roars a battlecry!
The orc warlord roars a battlecry!
The orc knight goes into a battle-frenzy!
You hit the orc warlord but do no damage.
The orc warlord looks as sick as possible!
You tail-slap the orc warlord, but do no damage.
The orc warlord is heavily wounded.
You hit the orc warlord but do no damage.
The orc warlord looks as sick as possible!
Your tail-slap misses the orc warlord.
The orc warlord is heavily wounded.
The orc warlord no longer looks unusually strong.
The orc knight roars a battlecry!
The orc warlord goes into a battle-frenzy!
The orc warrior hits you with a +0 battleaxe!!
The orc warlord hits you with a +1 great mace of protection!!!
You die...

##.......##.......##).
#.........#.......#...
##.........##.....##...
#.....⌠.....#######....
##.........## ##...
#.........# #...
##.......## ##..
#.......# #.. ##)o@..##
##.
##o####..o........##
##[o)..##.........##.
#..g....#.o..o....#..
##.......##g...o..##..
#.........# .o..g.#...
##.....o...## ..o###...
#.....⌠o....###g###....
##.....g...##88.88##.).


You could see an orc warlord (strong, extremely poisoned), an orc knight
(strong), an orc warrior (strong) and a goblin.

Vanquished Creatures
  The ghost of dricus the Twirler, a novice GnWn of Okawaru (D:6)
  An orc knight (Bailey)
  Prince Ribbit (D:5)
  3 yaks (D:6)
  A steam dragon (D:7)
  Menkaure (D:5)
  Duvessa (D:5)
  A water moccasin (D:7)
  Pargi (Sewer)
  10 orc warriors
  An ice beast (D:7)
  4 phantoms
  3 ogres
  5 centaurs
  A kobold brigand (D:7)
  Blork the orc (D:5)
  A gnoll sergeant (D:7)
  2 necrophages
  A bullfrog (D:7)
  5 scorpions
  Dowan (D:5)
  A howler monkey (D:4)
  An orc priest (D:6)
  A jelly (D:5)
  A quasit (D:5)
  2 iguanas
  An orc wizard (D:8)
  13 gnolls
  11 adders
  4 shadow imps
  4 white imps
  8 ufetubi
  A worm (D:3)
  2 dart slugs (D:1)
  22 orcs
  8 endoplasms
  8 giant cockroaches
  18 goblins
  14 hobgoblins
  3 quokkas
  10 ball pythons
  4 bats
  3 frilled lizards
  8 kobolds
  5 rats
199 creatures vanquished.

Vanquished Creatures (others)
  2 orc wizards (D:8)
  5 demonic plants (D:5)
7 creatures vanquished.

Grand Total: 206 creatures vanquished

Notes
Turn   | Place    | Note
-------+----------+-------------------------------------------
     0 | D:1      | Bnni the Demonspawn Fighter began the quest for the Orb.
     0 | D:1      | Reached XP level 1. HP: 18/18 MP: 1/1
    42 | D:1      | Reached skill level 2 in Long Blades
   206 | D:1      | Gained mutation: Spells you cast may paralyse adjacent
                  | enemies. [demonic ancestry]
   206 | D:1      | Reached XP level 2. HP: 24/24 MP: 2/2
   689 | D:1      | Reached XP level 3. HP: 23/29 MP: 3/3
   786 | D:1      | Found a faded altar of an unknown god.
  1131 | D:2      | Found Hopourhell's Distillery.
  1137 | D:2      | Bought a potion of heal wounds for 65 gold pieces
  1137 | D:2      | Bought a potion of curing for 39 gold pieces
  1537 | D:2      | Gained mutation: Spells you cast may paralyse nearby
                  | enemies. [demonic ancestry]
  1537 | D:2      | Reached XP level 4. HP: 35/35 MP: 4/4
  2002 | D:3      | Found a glowing drain.
  2016 | Sewer    | Entered a sewer
  2036 | Sewer    | Noticed Pargi
  2040 | Sewer    | Killed Pargi
  2041 | Sewer    | Reached skill level 3 in Long Blades
  2041 | Sewer    | Discovered your monstrous ancestry.
  2041 | Sewer    | Gained mutation: You have a pair of small horns on your
                  | head. [demonic ancestry]
  2041 | Sewer    | Reached XP level 5. HP: 42/42 MP: 5/5
  3302 | D:4      | Reached skill level 4 in Long Blades
  3367 | D:4      | Found the +3 woodcutter's axe {vorpal}
  3378 | D:4      | Gained mutation: You have a small tail. [demonic ancestry]
  3378 | D:4      | Reached XP level 6. HP: 48/48 MP: 6/6
  3709 | D:4      | Reached skill level 5 in Long Blades
  4097 | D:5      | Entered Level 5 of the Dungeon
  4097 | D:5      | Noticed Menkaure
  4102 | D:5      | Killed Menkaure
  4103 | D:5      | Gained mutation: You have large cloven feet. [demonic
                  | ancestry]
  4103 | D:5      | Reached XP level 7. HP: 55/55 MP: 7/7
  4150 | D:5      | Reached skill level 5 in Fighting
  4324 | D:5      | Noticed Blork the orc
  4331 | D:5      | Killed Blork the orc
  4687 | D:5      | Reached skill level 6 in Long Blades
  4823 | D:5      | Noticed Duvessa
  4853 | D:5      | Killed Duvessa
  4854 | D:5      | Gained mutation: You have a pair of horns on your head.
                  | [demonic ancestry]
  4854 | D:5      | Reached XP level 8. HP: 28/64 MP: 8/8
  4868 | D:5      | Noticed Dowan
  4874 | D:5      | Killed Dowan
  4875 | D:5      | Reached skill level 7 in Long Blades
  5128 | D:5      | Noticed Prince Ribbit
  5138 | D:5      | Killed Prince Ribbit
  5892 | D:6      | Reached skill level 8 in Long Blades
  5984 | D:6      | Reached XP level 9. HP: 27/72 MP: 9/9
  5995 | D:6      | Reached skill level 9 in Long Blades
  6389 | D:6      | Found a runed translucent door.
  6390 | D:6      | Noticed dricus's ghost (novice GnWn)
  6411 | D:6      | Killed dricus's ghost
  6473 | D:6      | Found Mexid's Tremendous Tomes.
  6571 | D:6      | Reached skill level 10 in Long Blades
  7433 | D:7      | Found a staircase to the Ecumenical Temple.
  7451 | Temple   | Entered the Ecumenical Temple
  7625 | Temple   | Became a worshipper of Dithmenos the Shadowed
  7737 | D:7      | Found a sacrificial altar of Ru.
  7769 | D:7      | Found a bloodstained altar of Trog.
  7785 | D:7      | Gained mutation: You have a tail ending in a sharp stinger.
                  | [demonic ancestry]
  7785 | D:7      | Reached XP level 10. HP: 39/82 MP: 0/10
  8846 | D:8      | Found a flagged portal.
  8875 | D:8      | Identified the ring of the Hippo {Fire Fly Str-3 Stlth+}
  8900 | Bailey   | Entered a bailey
  8942 | Bailey   | Reached * piety under Dithmenos
  8958 | Bailey   | Reached skill level 11 in Long Blades
  9311 | Bailey   | Noticed an orc knight
  9359 | Bailey   | HP: 4/124 [orc knight/+0 war axe (11)]
  9363 | Bailey   | Killed an orc knight
 10250 | Bailey   | Noticed an orc warlord
 10250 | Bailey   | Noticed an orc knight
 10305 | Bailey   | Mangled by an orc warlord

Illustrated notes

Levels and vault maps discovered:
D:1:      amcnicky_arrival_abandoned_market, layout_rooms, serial_glass,
          glass_columns_a, glass_columns_b, glass_columns_a, glass_columns_a,
          glass_columns_a, glass_columns_a, glass_columns_a, glass_columns_a,
          glass_columns_a, glass_columns_c,
          hellmonk_ecumenical_altar_defaced_shrine
D:2:      layout_basic, serial_shops, shop
D:3:      layout_basic, cheibrodos_sewer_entry_sluice, guppyfry_early_lair_pool
D:4:      layout_cave_pods, kennysheep_mini_moat, serial_forest,
          infiniplex_forest_straight_3, infiniplex_forest_end_1,
          infiniplex_forest_end_double, infiniplex_forest_lined_room_3,
          infiniplex_forest_end_2, infiniplex_forest_straight_3,
          infiniplex_forest_lined_3_way, infiniplex_forest_clump_diagonal,
          kennysheep_generic_room_12
D:5:      layout_cave_pods, lightli_ossuary_entry_decrepit_ruins,
          serial_demonic, serial_demonic_a, serial_demonic_g, serial_demonic_d,
          serial_demonic_f, uniq_prince_ribbit1, uniq_menkaure, uniq_duvessa,
          uniq_blork_the_orc
D:6:      layout_cave_pools, ebering_ghost_reflecting_pool,
          nicolae_shop_i_like_big_books
D:7:      layout_loops_ring, trog_antimagical, mainiacjoe_overflow_brackets,
          minmay_temple_entry_tees
D:8:      layout_rooms, enter_bailey_3, uniq_amaemon
Temple:   bh_familiar_temple
Bailey:   bailey_axe_minmay_hex_keep, bailey

Skill      XL: |  1  2  3  4  5  6  7  8  9 10 |
---------------+-------------------------------+-----
Long Blades    | 2 3 4 5 6 8 10 11 | 11.6
Shields        | 3 4 |  4.0
Fighting       | 4 5 7 8 9 |  9.4
Armour         | |  2.6

Action                   |  1- 3 |  4- 6 |  7- 9 | 10-12 || total
-------------------------+-------+-------+-------+-------++-------
Melee: Long sword        |   121 |   107 |   179 |     4 ||   411
       Headbutt          |       |    15 |    58 |    53 ||   126
       Tailslap          |       |     3 |    33 |    41 ||    77
       Scimitar          |       |       |   109 |    34 ||   143
       Dagger            |       |       |       |   224 ||   224
Evoke: Wand              |       |       |       |     3 ||     3
  Use: Scroll            |       |       |     7 |     1 ||     8
       Potion            |       |       |     7 |     5 ||    12
Armor: Scale mail        |    83 |    67 |   211 |    47 ||   408
       Skin              |       |       |       |    24 ||    24
Dodge: Dodged            |    65 |    38 |   123 |    50 ||   276
Block: Buckler           |    25 |    26 |    96 |    31 ||   178

Table legend: (Time is in decaauts)
 A = Elapsed time spent in this place.
 B = Non-inter-level travel time spent in this place.
 C = Inter-level travel time spent in this place.
 D = Time resting spent in this place.
 E = Time spent auto-exploring this place.
 F = Levels seen in this place.
 G = Mean time per level.
                   A        B        C        D        E       F      G
               +--------+--------+--------+--------+--------+-----+--------+
         Total |  10297 |   9873 |    424 |   1271 |   6904 |  11 |  936.1 |
       Dungeon |   8627 |   8219 |    408 |    270 |   6577 |   8 | 1078.4 |
        Temple |    191 |    175 |     16 |      0 |    166 |   1 |  191.0 |
         Sewer |    149 |    149 |      0 |      0 |    107 |   1 |  149.0 |
        Bailey |   1328 |   1328 |      0 |   1001 |     54 |   1 | 1328.0 |
               +--------+--------+--------+--------+--------+-----+--------+

Top non-repeatable levels by time:
     D:5: 1782 daAuts
     D:7: 1391 daAuts
  Bailey: 1328 daAuts
     D:3: 1082 daAuts
     D:4: 1065 daAuts
     D:2: 1043 daAuts
     D:6: 958 daAuts
     D:1: 922 daAuts
     D:8: 380 daAuts
  Temple: 191 daAuts
   Sewer: 149 daAuts
